 Dungeon Crawl Stone Soup version 0.28-b1-25-g9875b3fc8c (webtiles) character file.

Game seed: 10698965140928013372

3747 cbfl8 the Protected (level 9, -3/78 HPs)
             Began as a Minotaur Delver on Feb 2, 2022.
             Was a Priest of Dithmenos.
             Slain by a two-headed ogre (10 damage)
             ... on level 8 of the Dungeon.
             The game lasted 00:31:44 (12776 turns).

cbfl8 the Protected (Minotaur Delver)              Turns: 12776, Time: 00:31:45

Health: -3/78      AC: 11    Str: 21    XL:     9   Next: 93%
Magic:  8/8        EV: 12    Int:  7    God:    Dithmenos [***...]
Gold:   521        SH:  5    Dex: 12    Spells: 7/8 levels left

rFire   + . .      SeeInvis .   C - +6 morningstar
rCold   . . .      Faith    .   (no shield)
rNeg    . . .      Spirit   .   E - +0 scale mail
rPois   .          Reflect  +   (helmet restricted)
rElec   .          Harm     +   N - scarf {harm}
rCorr   .          Rampage  .   m - +0 pair of gloves
Will    .....                   y - +0 pair of boots
Stlth   ++........              n - amulet of reflection
HPRegen 0.23/turn               (no ring)
MPRegen 0.11/turn               F - ring of protection from fire

@: wreathed by umbra
A: horns 2, retaliatory headbutt
a: Renounce Religion, Shadow Step


You were on level 8 of the Dungeon.
You worshipped Dithmenos.
Dithmenos was most pleased with you.
You visited 2 branches of the dungeon, and saw 9 of its levels.

You collected 521 gold pieces.

Inventory:

Hand Weapons
 i - a +3 bardiche of flaming
 C - a +6 morningstar (weapon)
 R - a +4 trident
Missiles
 t - 2 atropa-tipped darts (quivered)
Armour
 m - a +0 pair of gloves (worn)
 o - a +0 kite shield
 x - a +3 leather armour
 y - a +0 pair of boots (worn)
 E - a +0 scale mail (worn)
 N - a scarf of harm (worn)
Magical Staves
 H - a staff of earth
Jewellery
 d - the ring of the Jumping Pariah {rC+ Will+++ Int-4 Stlth+}
   (You found it on level 8 of the Dungeon)

   [ring of protection from cold]

   Int:       It affects your intelligence (-4).
   rC:        It protects you from cold.
   Will:      It greatly increases your willpower.
   Stlth:     It makes you more stealthy.
 n - an amulet of reflection (around neck)
 u - an amulet of magic regeneration
 z - a ring of resist corrosion
 F - a ring of protection from fire (right hand)
Wands
 g - a wand of digging (1)
 I - a wand of mindburst (13)
 K - a wand of flame (25)
 M - a wand of paralysis (9)
Scrolls
 c - a scroll of fog
 e - 4 scrolls of fear
 k - 2 scrolls of summoning
 l - 3 scrolls of teleportation
 B - a scroll of enchant armour
 L - a scroll of noise
Potions
 f - 2 potions of haste
 j - a potion of degeneration {unknown}
 p - 2 potions of flight {unknown}
 s - a potion of attraction {unknown}
 w - a potion of curing
 D - 2 potions of magic
 G - a potion of cancellation {unknown}
 J - a potion of ambrosia {unknown}
 O - 2 potions of mutation
 P - a potion of lignification {unknown}


   Skills:
 + Level 6.5 Fighting
 + Level 2.9 Short Blades
 + Level 2.4(5.9) Axes
 + Level 2.8(3.3) Maces & Flails
 + Level 7.9(8.1) Polearms
 + Level 8.5 Armour
 + Level 5.4 Dodging
 + Level 5.6 Stealth
 + Level 6.7 Shields
 + Level 0.1 Evocations


You had 7 spell levels left.
You knew the following spells:

 Your Spells              Type           Power      Damage    Failure   Level
a - Magic Dart            Conj           0%         1d3       73%         1

Your spell library contained the following spells:

 Spells                   Type           Power      Damage    Failure   Level
 Freeze                   Ice            0%         1d3       73%         1
 Sting                    Tmut/Pois      0%         1d3       73%         1
 Summon Small Mammal      Summ           0%         N/A       73%         1
 Summon Ice Beast         Ice/Summ       0%         N/A       100%        4
 Ozocubu's Refrigeration  Ice            0%         4d5       100%        7
 Discord                  Hex            0%         N/A       100%        8


Dungeon Overview and Level Annotations

Branches:
Dungeon (8/15)             Temple (1/1) D:4
   Lair: D:8-11

Altars:
Ashenzari
Dithmenos
Fedhas
Gozag
Hepliaklqana
Kikubaaqudgha
Makhleb
Nemelex Xobeh
Okawaru
Qazlal
Ru
Sif Muna
Trog
Uskayaw
Vehumet
Wu Jian
Xom
Yredelemnul
Zin
The Shining One


Innate Abilities, Weirdness & Mutations

You have a pair of horns on your head.
You reflexively headbutt those who attack you in melee.


Message History

You hit the steam dragon but do no damage.
Your headbutt misses the steam dragon.
The steam dragon is heavily wounded.
The steam dragon breathes steam at you. The ball of steam hits you. You resist.
You thump the steam dragon!
The steam dragon is almost dead.
The steam dragon bites you but does no damage.
The steam dragon claws you but does no damage.
The steam dragon bites you. You block the steam dragon's attack.
You barely miss the steam dragon.
The steam dragon is almost dead.
The steam dragon closely misses you. You block the steam dragon's attack.
You closely miss the steam dragon. You headbutt the steam dragon.
The steam dragon is almost dead.
The steam dragon closely misses you. You furiously retaliate!
You headbutt the steam dragon!
You kill the steam dragon!
Dithmenos accepts your kill.
You see here a +0 leather armour.
Found 24 stones.
A two-headed ogre comes into view. It is wielding two +0 giant clubs.
The two-headed ogre shouts in stereo!
The two-headed ogre closely misses you. x2
You sock the two-headed ogre!
The two-headed ogre is lightly wounded.
The two-headed ogre closely misses you. You block the two-headed ogre's attack.
You puncture the two-headed ogre!
The two-headed ogre is heavily wounded.
The two-headed ogre hits you with a +0 giant club!! x2
You barely miss the two-headed ogre. You headbutt the two-headed ogre!
The two-headed ogre is severely wounded.
The two-headed ogre hits you with a +0 giant club!!
* * * LOW HITPOINT WARNING * * *
The two-headed ogre completely misses you.
You completely miss the two-headed ogre.
You headbutt the two-headed ogre!
The two-headed ogre is almost dead.
The two-headed ogre hits you with a +0 giant club!
You die...

#.#..##.#..#
#.#...... ..
#........
#........
#........
#........
#........
#........
#@.......
#O(......
##.......
.......
.......
.......
#######


You could see a two-headed ogre.

Vanquished Creatures
  Pikel (D:6)
  Maggie (D:7)
  Grinder (D:6)
  3 steam dragons
  A water moccasin (D:8)
  2 black bears (D:5)
  2 ice beasts
  6 ogres
  4 necrophages
  A centaur (D:8)
  A phantom (D:5)
  2 gnoll sergeants
  2 bullfrogs
  A scorpion (D:7)
  3 wights (D:7)
  A bullfrog zombie (D:5)
  3 jellies
  Crazy Yiuf (D:2)
  An orc priest (D:7)
  A hound (D:6)
  A centaur skeleton (D:4)
  2 iguanas (D:6)
  An orc wizard (D:6)
  A killer bee zombie (D:5)
  A howler monkey zombie (D:6)
  4 adders
  11 gnolls
  A white imp (D:6)
  An ufetubus (D:6)
  A dart slug (D:1)
  10 orcs
  9 ball pythons
  2 endoplasms
  2 giant cockroaches
  7 goblins
  7 hobgoblins
  7 quokkas
  3 bats
  14 frilled lizards
  4 kobolds
  3 rats
130 creatures vanquished.

Vanquished Creatures (others)
  A goblin (D:7)
  4 fungi (D:2)
  3 plants (D:6)
8 creatures vanquished.

Grand Total: 138 creatures vanquished

Notes
Turn   | Place    | Note
-------+----------+-------------------------------------------
     0 | D:5      | cbfl8 the Minotaur Delver began the quest for the Orb.
     0 | D:5      | Reached XP level 1. HP: 19/19 MP: 0/0
    38 | D:5      | Noticed a gnoll sergeant
    49 | D:4      | Found a sparkling altar of Nemelex Xobeh.
    55 | D:4      | Noticed an ogre
   271 | D:3      | Got the Incunabulum of the Ensnaring Frostbite
   352 | D:3      | Found an ancient bone altar of Kikubaaqudgha.
   352 | D:3      | Found an opulent altar of Gozag.
   352 | D:3      | Found a hazy altar of Hepliaklqana.
   544 | D:1      | Reached XP level 2. HP: 26/26 MP: 1/1
   905 | D:1      | Found a faded altar of an unknown god.
   930 | D:1      | Prayed at the altar of an unknown god.
   930 | D:1      | Became a worshipper of Dithmenos the Shadowed
   930 | D:1      | Reached * piety under Dithmenos
  1888 | D:2      | Reached XP level 3. HP: 33/33 MP: 2/2
  1916 | D:2      | Reached skill level 1 in Armour
  2195 | D:2      | Reached skill level 1 in Maces & Flails
  2513 | D:2      | Found a runed translucent door.
  2514 | D:2      | Noticed Crazy Yiuf
  3110 | D:3      | Found a sacrificial altar of Ru.
  3510 | D:4      | Noticed a necrophage
  3522 | D:4      | Killed a necrophage
  3523 | D:4      | Reached skill level 2 in Armour
  3523 | D:4      | Reached skill level 5 in Stealth
  3523 | D:4      | Reached skill level 1 in Shields
  3523 | D:4      | Reached XP level 4. HP: 28/40 MP: 3/3
  3523 | D:4      | Reached XP level 5. HP: 32/46 MP: 4/4
  3772 | D:4      | Noticed an ogre
  3793 | D:4      | Killed an ogre
  3794 | D:4      | Reached skill level 1 in Short Blades
  3890 | D:4      | Reached skill level 3 in Armour
  3903 | D:4      | Found a staircase to the Ecumenical Temple.
  3909 | Temple   | Entered the Ecumenical Temple
  4686 | D:4      | Reached XP level 6. HP: 18/52 MP: 5/5
  5806 | D:4      | Reached skill level 4 in Armour
  6303 | D:5      | Reached XP level 7. HP: 42/60 MP: 6/6
  6308 | D:5      | Reached ** piety under Dithmenos
  6309 | D:5      | Reached skill level 5 in Armour
  6714 | D:5      | Reached skill level 1 in Polearms
  6728 | D:6      | Noticed Grinder
  7278 | D:5      | Reached skill level 6 in Armour
  7278 | D:5      | Reached XP level 8. HP: 67/67 MP: 7/7
  7324 | D:6      | Reached skill level 5 in Fighting
  7537 | D:6      | Paralysed by Grinder for 5 turns
  7579 | D:6      | Killed Grinder
  7895 | D:6      | Found a glowing golden altar of the Shining One.
  8262 | D:6      | Reached *** piety under Dithmenos
  8451 | D:6      | Noticed Pikel
  9313 | D:8      | Reached skill level 7 in Armour
  9411 | D:8      | Identified the ring of the Jumping Pariah {rC+ Will+++
                  | Int-4 Stlth+}
  9428 | D:8      | Reached skill level 5 in Polearms
  9431 | D:8      | Reached skill level 5 in Shields
  9431 | D:8      | Reached XP level 9. HP: 49/75 MP: 8/8
  9827 | D:8      | Noticed a +0 spear
  9828 | D:8      | Noticed a +0 falchion
  9829 | D:8      | Noticed a +0 spear
  9829 | D:8      | Noticed a +0 dagger
  9829 | D:8      | Noticed a +0 falchion
  9830 | D:8      | Noticed a +0 short sword
  9830 | D:8      | Noticed a +0 dagger
  9830 | D:8      | Noticed a +0 short sword
  9832 | D:8      | Found a hide-covered altar of Uskayaw.
  9882 | D:8      | Identified a scroll of acquirement
  9884 | D:8      | Acquired a +3 bardiche of flaming
 10054 | D:7      | Reached skill level 5 in Dodging
 10150 | D:7      | Found a bloodstained altar of Trog.
 10748 | D:2      | Killed Crazy Yiuf
 11054 | D:6      | Killed Pikel
 11055 | D:6      | Reached skill level 8 in Armour
 11255 | D:7      | Noticed Maggie
 11286 | D:7      | Found a shimmering blue altar of Sif Muna.
 11315 | D:7      | Got Sif Muna's Compendium of the Escort
 11317 | D:7      | Got Sif Muna's Collected Works on Attacks
 11320 | D:7      | Got Sif Muna's Almanac of Intoxication
 11323 | D:7      | Learned a level 1 spell: Magic Dart
 11661 | D:7      | Found a shadowy altar of Dithmenos.
 12459 | D:7      | Killed Maggie
 12681 | D:8      | Found a radiant altar of Vehumet.
 12769 | D:8      | Noticed a two-headed ogre
 12776 | D:8      | Slain by a two-headed ogre

Illustrated notes

Levels and vault maps discovered:
D:1:      giann_bridges, layout_basic, shapermc_ecumenical_altar_notcrosses
D:2:      layout_loops_ring, uniq_crazy_yiuf_cottage
D:3:      layout_basic, nicolae_ru_the_path_less_chosen,
          gammafunk_temple_overflow_claw
D:4:      layout_gridville, nicolae_overflow_hidden_temple,
          minmay_temple_entry_hall, grunt_ministairs_12,
          minmay_misc_feat_secret_circle, minivault_25
D:5:      layout_rooms
D:6:      layout_basic, mainiacjoe_overflow_24_doors, minmay_lizard_king,
          uniq_pikel, uniq_grinder
D:7:      layout_loops_cross, old_standard_altar, lightli_temple_of_fire,
          nicolae_sif_muna_little_library, enter_bailey_4, uniq_maggie
D:8:      layout_basic, mainiacjoe_overflow_six_doors_small,
          nicolae_uskayaw_en_pointe, serial_shops, nicolae_lakefront_shop
Temple:   compressed_dpeg_triangle_lava_temple

Skill      XL: |  1  2  3  4  5  6  7  8  9 |
---------------+----------------------------+-----
Armour         | 2 3 4 6 7 8 |  8.5
Maces & Flails | 2 |  2.8
Stealth        | 5 |  5.6
Shields        | 1 2 3 5 6 |  6.7
Fighting       | 4 5 6 |  6.5
Short Blades   | 1 2 |  2.9
Dodging        | 3 4 5 |  5.4
Polearms       | 2 5 7 |  7.9
Axes           | |  2.4
Evocations     | |  0.1

Action                   |  1- 3 |  4- 6 |  7- 9 || total
-------------------------+-------+-------+-------++-------
Melee: Mace              |    33 |       |       ||    33
       Headbutt          |    16 |    16 |    42 ||    74
       Hand axe          |     2 |       |       ||     2
       Dagger            |    48 |    73 |       ||   121
       Spear             |       |     5 |   215 ||   220
       Punch             |       |     1 |     1 ||     2
       Bardiche          |       |       |    47 ||    47
       Morningstar       |       |       |    20 ||    20
Evoke: Wand              |     1 |       |     1 ||     2
  Use: Potion            |       |     1 |     2 ||     3
       Scroll            |       |       |    13 ||    13
 Stab: Sleeping          |     5 |     1 |     2 ||     8
       Distracted        |       |       |     1 ||     1
Armor: Leather armour    |    12 |       |       ||    12
       Ring mail         |     1 |    22 |    35 ||    58
       Scale mail        |       |       |    98 ||    98
Dodge: Dodged            |    54 |    36 |   210 ||   300
Block: Other             |    19 |    25 |    98 ||   142
       Kite shield       |       |       |    56 ||    56
       Reflection        |       |       |     6 ||     6
